 Dungeon Crawl Stone Soup version 0.28.0-53-g5a82cb258f (webtiles) character file.

Game seed: 14054844903010887932

28 Stomo the Chiller (level 3, -1/18 HPs)
             Began as a Vine Stalker Ice Elementalist on June 29, 2022.
             Slain by a hound (2 damage)
             ... on level 3 of the Dungeon.
             The game lasted 00:03:45 (1371 turns).

Stomo the Chiller (Vine Stalker Ice Elementalist)   Turns: 1371, Time: 00:03:45

Health: -1/18      AC:  2    Str: 12    XL:     3   Next: 12%
Magic:  0/7        EV: 12    Int: 15    God:
Gold:   75         SH:  0    Dex: 14    Spells: 5/6 levels left

rFire   . . .      SeeInvis +   f - +0 club
rCold   . . .      Faith    .   (no shield)
rNeg    . . .      Spirit   +   a - +0 robe
rPois   .          Reflect  .   (no helmet)
rElec   .          Harm     .   (no cloak)
rCorr   .          Rampage  .   (no gloves)
Will    .....                   (no boots)
Stlth   ++........              (no amulet)
HPRegen 0.06/turn               e - ring of see invisible
MPRegen 0.10/turn               (no ring)

@: no status effects
A: fangs 2, magic shield, antimagic bite, no potion heal 2
a: no special abilities


You were on level 3 of the Dungeon.
You visited 1 branch of the dungeon, and saw 4 of its levels.

You collected 75 gold pieces.

Inventory:

Hand Weapons
 f - a +0 club (weapon)
Armour
 a - a +0 robe (worn)
Jewellery
 e - a ring of see invisible (left hand)
Scrolls
 d - 2 scrolls of identify {unknown}
 g - a scroll of noise {unknown}
Potions
 b - a potion of heal wounds {unknown}
 c - a potion of degeneration {unknown}
 h - a potion of curing {unknown}


   Skills:
 + Level 1.4 Fighting
 + Level 0.5 Maces & Flails
 + Level 2.2 Dodging
 - Level 2.4 Stealth
 - Level 2.1 Spellcasting
 - Level 4.0 Ice Magic


You had 5 spell levels left.
You knew the following spells:

 Your Spells              Type           Power      Damage    Failure   Level
a - Freeze                Ice            52%        1d7       4%          1

Your spell library contained the following spells:

 Spells                   Type           Power      Damage    Failure   Level
 Frozen Ramparts          Ice            26%        1d4       13%         3
 Ozocubu's Armour         Ice            13%        N/A       13%         3
 Hailstorm                Conj/Ice       7%         3d4       67%         4


Dungeon Overview and Level Annotations

Branches:
Dungeon (4/15)
 Temple: D:4-7

Altars:


Innate Abilities, Weirdness & Mutations

You have extremely sharp teeth.
When hurt, damage is shared between your health and your magic reserves.
Your bite disrupts and absorbs the magic of your enemies.
Potions cannot restore your health.


Message History

The jackal barely misses you.
A centaur skeleton and a ball python come into view.
The hound barks!
You hear an angry hiss.
The jackal barely misses you.
An adder comes into view.
The jackal bites you but does no damage.
The centaur skeleton hits you but does no damage.
The centaur skeleton kicks you. The gnoll hits you with a +0 flail!
Found 3 scrolls labelled QEORIM NEN KOCW.
A gnoll comes into view. It is wielding a +0 spear.
A kobold comes into view. It is wielding a +0 club.
The jackal misses you. The hound bites you but does no damage.
A gnoll comes into view. It is wielding a +0 flail.
A black bear comes into view.
Found a scroll labelled GUEBLO ZA MOGA.
The kobold shouts!
The black bear growls angrily.
The gnoll shouts!
The kobold throws a stone.
The stone closely misses you.
Found an escape hatch in the ceiling.
The hound bites you but does no damage. The ball python bites you.
The ball python barely misses you. The adder misses you.
The ball python closely misses you. The ball python grabs you.
The ball python constricts you. The hound bites you.
You escape the ball python's grasp.
Found a stone staircase leading down.
The gnoll hits you with a +0 flail!
* * * LOW HITPOINT WARNING * * *
The hound bites you but does no damage. The hound barely misses you.
The hound barely misses you.
There is an escape hatch in the ceiling here.
The hound bites you but does no damage. A mysterious force pulls you upwards.
The hatch slams shut behind you.
The goblin shouts!
The endoplasm quivers.
You hear a shout! x4
Found a ring mail.
Found a stone staircase leading up.
A jackal comes into view.
The jackal barks!
The hound bites you.
You die...

...h .# .... .#
..... .. .....#
. ......# .# .
..<....###.##...
#...#........
#@h.......
#.........
#...Jw....#
#......g....
####........
.........
.........
..[......


You could see a hound, a dart slug (wandering), an endoplasm, a jackal and a
goblin.

Vanquished Creatures
  A dart slug (D:2)
  6 endoplasms (D:1)
  2 goblins (D:1)
  4 hobgoblins
  A quokka (D:1)
  2 bats (D:1)
  2 frilled lizards
  2 kobolds (D:2)
  4 rats
24 creatures vanquished.

Notes
Turn   | Place    | Note
-------+----------+-------------------------------------------
     0 | D:1      | Stomo the Vine Stalker Ice Elementalist began the quest for
                  | the Orb.
     0 | D:1      | Reached XP level 1. HP: 9/9 MP: 4/4
   167 | D:1      | Reached XP level 2. HP: 14/14 MP: 3/6
   252 | D:1      | Reached skill level 1 in Fighting
  1075 | D:2      | Reached XP level 3. HP: 17/18 MP: 1/7
  1337 | D:2      | You fall into a shaft and drop 2 floors!
  1341 | D:4      | Noticed a scorpion
  1359 | D:4      | Noticed a black bear
  1371 | D:3      | Slain by a hound

Illustrated notes

Levels and vault maps discovered:
D:1:      shiori_arrival_elements, layout_basic, hangedman_decor_lopped
D:2:      layout_loops_ring, basic_altar
D:3:      layout_rooms, hellmonk_ecumenical_altar_crossroads
D:4:      layout_rooms, serial_shops, shop, uniq_grinder

Skill      XL: |  1  2 |
---------------+-------+-----
Fighting       | 1 |  1.4
Dodging        | 2 |  2.2
Maces & Flails | |  0.5
Stealth        | |  2.4
Spellcasting   | |  2.1
Ice Magic      | |  4.0

Action                   || total
-------------------------++-------
Melee: Unarmed           ||    10
       Bite              ||     6
       Club              ||     3
 Cast: Freeze            ||    29
 Stab: Sleeping          ||     1
Armor: Robe              ||    10
Dodge: Dodged            ||    28
